 Dungeon Crawl Stone Soup version 0.20-a0-309-gcba9277 (webtiles) character file.

1684 KristoblXynda the Conjurer (level 8, -2/57 HPs)
             Began as a Green Draconian Conjurer on Dec 18, 2016.
             Was an Initiate of Vehumet.
             Slain by an orc warrior
             ... wielding a +0 flail of protection
              (14 damage)
             ... on level 6 of the Dungeon.
             The game lasted 00:19:11 (6937 turns).

KristoblXynda the Conjurer (DrCj)                   Turns: 6937, Time: 00:19:12

Health: -2/57      AC:  7    Str: 10    XL:     8   Next: 71%
Magic:  0/17       EV: 10    Int: 17    God:    Vehumet [......]
Gold:   238        SH:  0    Dex: 13    Spells: 11/19 levels left

rFire  . . .     SeeInvis .     s - +2 whip (curse)
rCold  . . .     Gourm    .     (armour unavailable)
rNeg   . . .     Faith    .     (no shield)
rPois  +         Spirit   .     (helmet restricted)
rElec  .         Reflect  .     (no cloak)
rCorr  .         Harm     .     o - +0 pair of gloves
MR     .....                    (no boots)
Stlth  ++........               (no amulet)
                                (no ring)
                                g - -2 ring of evasion (curse)

@: drained
A: breathe noxious fumes, unfitting armour, poison resistance, cold-blooded, AC
+6
a: Breathe Noxious Fumes, Renounce Religion


You were on level 6 of the Dungeon.
You worshipped Vehumet.
Vehumet was noncommittal.
You were hungry.

You visited 1 branch of the dungeon, and saw 6 of its levels.

You collected 238 gold pieces.

Inventory:

Hand Weapons
 j - a -3 eveningstar
 s - a cursed +2 whip (weapon)
Missiles
 h - a throwing net (quivered)
Armour
 o - a +0 pair of gloves (worn)
Jewellery
 g - a cursed -2 ring of evasion (left hand)
Scrolls
 i - a scroll of blinking
 r - 2 scrolls of identify
Potions
 d - a potion of cure mutation
 e - 3 potions of agility
 m - a potion of magic
 u - a potion of flight
Books
 a - a book of Conjurations

   Spells                             Type                      Level
   a - Magic Dart                     Conjuration                  1
   b - Searing Ray                    Conjuration                  2
   c - Dazzling Spray                 Conjuration/Hexes            3
   d - Fulminant Prism                Conjuration/Hexes            4
   e - Iskenderun's Mystic Blast      Conjuration                  4
   f - Iskenderun's Battlesphere      Conjuration/Charms           5
 k - a book of Misfortune

   Spells                             Type                      Level
   a - Confusing Touch                Hexes                        1
   b - Confuse                        Hexes                        3
   c - Gell's Gravitas                Hexes/Translocation          3
   d - Petrify                        Transmutation/Earth          4
   e - Metabolic Englaciation         Hexes/Ice                    5
   f - Yara's Violent Unravelling     Hexes/Transmutation          5
 q - a book of Minor Magic

   Spells                             Type                      Level
   a - Magic Dart                     Conjuration                  1
   b - Blink                          Translocation                2
   c - Call Imp                       Summoning                    2
   d - Repel Missiles                 Charms/Air                   2
   e - Slow                           Hexes                        2
   f - Conjure Flame                  Conjuration/Fire             3
   g - Mephitic Cloud                 Conjuration/Poison/Air       3
Comestibles
 b - 4 bread rations
 c - a chunk of flesh
 f - 5 meat rations
 p - 2 fruits


   Skills:
 + Level 4.4(4.1) Maces & Flails
 - Level 1.7(1.4) Dodging
 - Level 1.7(1.4) Stealth
 - Level 4.0(3.7) Unarmed Combat
 + Level 6.2(5.9) Spellcasting
 + Level 7.6(7.2) Conjurations


You had 11 spell levels left.
You knew the following spells:

 Your Spells              Type           Power        Failure   Level  Hunger
a - Magic Dart            Conj           ####         1%          1    None
b - Dazzling Spray        Conj/Hex       ###...       10%         3    ##.....
c - Iskenderun's Mystic   Conj           ####....     10%         4    ####...


Dungeon Overview and Level Annotations

Branches:
Dungeon (6/15)
 Temple: D:4-7

Altars:
Ashenzari
Cheibriados
Dithmenos
Elyvilon
Hepliaklqana
Qazlal
Vehumet
Zin

Shops:
D:4 ?   D:5 %


Innate Abilities, Weirdness & Mutations

You can breathe blasts of noxious fumes.
Your lurid green scales are hard. (AC +6)
You cannot fit into any form of body armour.
Your system is resistant to poisons. (rPois)
You are cold-blooded and may be slowed by cold attacks.


Message History

The magic dart hits the orc warrior.
The orc warrior is almost dead.
Casting: Magic Dart
Confirm with . or Enter, or press ? or * to list all spells.
Aiming: Magic Dart
Press: ? - help, Shift-Dir - straight line, f/p - orc warrior
Aim: an orc warrior, wielding a flail of protection and wearing a chain mail (almost dead, confused)
The magic dart hits the orc warrior.
The orc warrior is almost dead.
Casting: Magic Dart
Confirm with . or Enter, or press ? or * to list all spells.
You don't have enough magic to cast that spell.
Casting: Magic Dart
Confirm with . or Enter, or press ? or * to list all spells.
You don't know that spell.
You hit the orc warrior but do no damage.
You tail-slap the orc warrior, but do no damage.
The orc warrior is almost dead.
The orc warrior hits you with a flail of protection!
You die...

...#.....#######
................
..###...#######
#..)).)..# #...####.#
##.## #.# #.#####[#
#.....#o#
#####.#@####### ##
#.#........ ...
#.######.###...#
#.#<#...........
#.#.#.........#.
####.#.#...........
#####....#.#.........(.
#...#........#.........
#...#....#.#.#.........


You could see an orc warrior (confused).

Vanquished Creatures
  Grinder (D:6)
  Sigmund (D:3)
  Eustachio (D:6)
  2 phantoms (D:5)
  An ice beast (D:5)
  An ogre (D:3)
  A centaur (D:5)
  Blork the orc (D:6)
  The ghost of heinrich the Sneak, an amateur VSAs (D:4)
  4 scorpions (D:5)
  An orc priest (D:6)
  A bullfrog skeleton (D:5)
  3 orc wizards
  A worker ant (D:4)
  12 adders
  3 gnolls (D:4)
  A howler monkey skeleton (D:5)
  A shadow imp (D:4)
  An ooze (D:5)
  An adder zombie (D:5)
  3 dart slugs (D:2)
  6 leopard geckos
  18 orcs
  4 giant cockroaches
  6 goblins
  10 hobgoblins
  2 quokkas
  A ball python (D:2)
  16 bats
  5 frilled lizards
  8 kobolds
  A leopard gecko zombie (D:5)
  A quokka skeleton (D:5)
  10 rats
130 creatures vanquished.

Vanquished Creatures (others)
  14 fungi (D:5)
14 creatures vanquished.

Grand Total: 144 creatures vanquished

Notes
Turn   | Place    | Note
-------+----------+-------------------------------------------
     0 | D:1      | KristoblXynda the Draconian Conjurer began the quest for the Orb.
     0 | D:1      | Reached XP level 1. HP: 14/14 MP: 3/3
   281 | D:1      | Reached XP level 2. HP: 16/20 MP: 1/5
   826 | D:1      | Reached skill level 1 in Unarmed Combat
  1401 | D:2      | Reached XP level 3. HP: 26/26 MP: 3/6
  1464 | D:2      | Learned a level 3 spell: Dazzling Spray
  1511 | D:2      | Found a shadowy altar of Dithmenos.
  2013 | D:2      | Reached XP level 4. HP: 33/33 MP: 3/8
  2765 | D:3      | Found a shattered altar of Ashenzari.
  2867 | D:3      | Noticed Sigmund
  2925 | D:3      | Killed Sigmund
  2925 | D:3      | Reached skill level 5 in Conjurations
  2925 | D:3      | Reached XP level 5. HP: 7/38 MP: 3/10
  2925 | D:3      | Reached XP level 6. HP: 8/45 MP: 3/11
  4068 | D:4      | Learned a level 4 spell: Iskenderun's Mystic Blast
  4101 | D:4      | Found Liefeore's Magic Scroll Shoppe.
  4129 | D:4      | Found a glowing silver altar of Zin.
  4130 | D:4      | Found a stormy altar of Qazlal.
  4222 | D:4      | Found a snail-covered altar of Cheibriados.
  4237 | D:4      | Found a hazy altar of Hepliaklqana.
  4237 | D:4      | Found a radiant altar of Vehumet.
  4633 | D:4      | Noticed heinrich's ghost (amateur VSAs)
  4639 | D:4      | Killed heinrich's ghost
  4639 | D:4      | Your scales start taking on a lurid green colour.
  4639 | D:4      | Reached XP level 7. HP: 50/50 MP: 3/13
  4639 | D:4      | Gained mutation: Your system is resistant to poisons. (rPois) [Green Draconian growth]
  4823 | D:5      | Entered Level 5 of the Dungeon
  4825 | D:5      | Found Mohoq's Food Shoppe.
  4962 | D:5      | Reached skill level 1 in Maces & Flails
  4962 | D:5      | Reached skill level 6 in Conjurations
  5184 | D:5      | Reached skill level 5 in Spellcasting
  5751 | D:5      | Reached XP level 8. HP: 52/57 MP: 3/16
  5833 | D:5      | Reached skill level 7 in Conjurations
  5997 | D:4      | Found a white marble altar of Elyvilon.
  6007 | D:4      | Became a worshipper of Vehumet
  6115 | D:6      | Noticed Blork the orc
  6129 | D:6      | Killed Blork the orc
  6440 | D:6      | Noticed Grinder
  6448 | D:6      | Paralysed by Grinder for 4 turns
  6462 | D:6      | Paralysed by Grinder for 5 turns
  6480 | D:6      | HP: 2/57 [Grinder (6)]
  6487 | D:6      | Killed Grinder
  6778 | D:6      | Noticed Eustachio
  6813 | D:6      | Killed Eustachio
  6937 | D:6      | Slain by an orc warrior

Vault maps used:
D:1:      tarquinn_simple_flora_water_d
D:2:      overflow_temple_1_default, kennysheep_generic_room_11
D:3:      first_bread, cheibrodos_ashenzari_chains, uniq_sigmund
D:4:      cheibriados_altar_1, nicolae_overflow_hidden_temple, serial_shops,
          shop_scrolls
D:5:      old_forge, serial_shops, shop
D:6:      lightli_temple_of_fire, lemuel_crystal_altar, minmay_misc_feat_x,
          uniq_blork_the_orc, uniq_grinder, uniq_eustachio

Skill      XL: |  1  2  3  4  5  6  7  8 |
---------------+-------------------------+-----
Unarmed Combat | 1 3 4 |  4.0
Spellcasting   | 3 4 5 6 |  6.2
Conjurations   | 5 6 7 |  7.6
Maces & Flails | 2 4 |  4.4
Dodging        | |  1.7
Stealth        | |  1.7

Action                   |  1- 3 |  4- 6 |  7- 9 || total
-------------------------+-------+-------+-------++-------
Melee: Unarmed           |    49 |    37 |       ||    86
       Tailslap          |     2 |     5 |    18 ||    25
       Punch             |     1 |     1 |     1 ||     3
       Whip              |       |       |   169 ||   169
 Cast: Magic Dart        |    62 |   140 |   125 ||   327
       Dazzling Spray    |       |     4 |     8 ||    12
 Abil: Breathe Noxious F |       |       |     5 ||     5
Evoke: Wand              |       |     2 |     4 ||     6
  Use: Potion            |       |     5 |     5 ||    10
       Scroll            |       |    12 |     3 ||    15
 Stab: Sleeping          |     1 |       |       ||     1
       Confused          |       |       |     6 ||     6
  Eat: Chunk             |     4 |     7 |     4 ||    15
       Beef jerky        |       |     1 |       ||     1
       Royal jelly       |       |       |     1 ||     1
       Fruit             |       |       |     2 ||     2
Armor: Skin              |    23 |    13 |    74 ||   110
Dodge: Dodged            |    46 |    24 |    80 ||   150
